 Dungeon Crawl Stone Soup version 0.31-a0-246-g8cbcc1cb85 (webtiles) character file.

Game seed: 2932341435661819274

1558 cforsyth the Ruffian (level 8, -2/74 HPs)
             Began as an Ogre Shapeshifter on July 13, 2023.
             Slain by a gnoll bouda
             ... wielding a +0 whip
              (7 damage)
             ... on level 5 of the Dungeon.
             The game lasted 00:05:04 (5865 turns).

cforsyth the Ruffian (Ogre Shapeshifter)            Turns: 5865, Time: 00:05:05

Health: -2/74      AC:  3    Str: 22    XL:     8   Next: 89%
Magic:  8/8        EV:  9    Int:  9    God:
Gold:   212        SH:  0    Dex:  9    Spells: 7/7 levels left

rFire   . .          .
                       - Unarmed
rCold   + . .        (no shield)
rNeg    . . .        a - +0 animal skin
rPois   .            (helmet currently unavailable)
rElec   .            (cloak currently unavailable)
rCorr   .            (gloves unavailable)
SInv    .            (boots unavailable)
Will    +....        (no amulet)
Stlth   +            i - ring of protection from cold
HPRegen 0.32/turn    j - ring of flight
MPRegen 0.11/turn

%: no passive effects
@: brilliant, beast-form, enlightened, flying, invisible
A: beast (slay +4), large, unfitting armour, tough skin 1
a: no special abilities


You were on level 5 of the Dungeon.
You were a hulking beast.
You visited 1 branch of the dungeon, and saw 6 of its levels.

You collected 212 gold pieces.

Inventory:

Missiles
 r - a throwing net
Armour
 a - a +0 animal skin (worn)
Jewellery
 i - a ring of protection from cold (left hand)
 j - a ring of flight (right hand)
Talismans
 c - a beast talisman
Wands
 m - a wand of roots (9)
 v - a wand of polymorph (4)
Scrolls
 b - a scroll of enchant armour {unknown}
 h - 3 scrolls of identify {unknown}
 l - a scroll of immolation {unknown}
 n - a scroll of blinking {unknown}
 o - a scroll of enchant weapon {unknown}
 s - a scroll of acquirement {unknown}
 t - a scroll of noise {unknown}
 u - a scroll of poison {unknown}
Potions
 d - a potion of invisibility
 e - a potion of brilliance
 f - 2 potions of berserk rage {unknown}
 g - a potion of might {unknown}
 p - a potion of curing
 q - a potion of enlightenment


   Skills:
 - Level 2.6 Fighting
 - Level 1.7 Dodging
 + Level 7.2 Unarmed Combat
 + Level 7.1 Shapeshifting


You had 7 spell levels left.
You didn't know any spells.
Your spell library contained the following spells:

 Spells                   Type           Power      Damage    Failure   Level
 Frozen Ramparts          Ice            0%         1d1       77%         3
 Portal Projectile        Hex/Tloc       0%         N/A       77%         3
 Tukima's Dance           Hex            0%         N/A       77%         3
 Iskenderun's Mystic Bla  Conj/Tloc      0%         2d3       99%         4
 Petrify                  Tmut/Erth      0%         N/A       99%         4
 Metabolic Englaciation   Hex/Ice        0%         N/A       100%        5


Dungeon Overview and Level Annotations

Branches:
Dungeon (6/15)             Temple (0/1) D:5

Altars:
Dithmenos
The Shining One

Annotations:
D:2 1 runed translucent door, Crazy Yiuf


Innate Abilities, Weirdness & Mutations

You are a hulking beast.
Your limbs bulge with bestial killing power. (Slay +4)
You are too large for most types of armour.
You have tough skin. (AC +1)


Message History

The centaur barely misses you. The centaur closely misses you.
The gnoll bouda hits you with a +0 whip.
The black bear barely misses you.
The black bear claws you but does no damage.
The black bear claws you.
You hit the gnoll bouda.
The gnoll bouda is severely wounded.
The black bear bites you.
* * * LOW HITPOINT WARNING * * *
The black bear closely misses you. The black bear claws you.
* * * LOW HITPOINT WARNING * * *
The gnoll bouda closely misses you.
You barely miss the gnoll bouda.
The gnoll bouda is severely wounded.
You catch the helpless gnoll bouda completely off-guard!
You hit the gnoll bouda but do no damage.
The gnoll bouda is severely wounded.
The centaur closely misses you. x2; The black bear bites you.
* * * LOW HITPOINT WARNING * * *
The black bear barely misses you. The black bear claws you.
* * * LOW HITPOINT WARNING * * *
The centaur misses you. The centaur closely misses you.
You hit the centaur but do no damage. The centaur hits you.
* * * LOW HITPOINT WARNING * * *
The centaur kicks you but does no damage.
You strike the helpless black bear from behind!
You hit the black bear.
The black bear is moderately wounded.
The centaur closely misses you. The centaur kicks you.
* * * LOW HITPOINT WARNING * * *
The black bear bites you.
* * * LOW HITPOINT WARNING * * *
The black bear claws you but does no damage.
The black bear barely misses you.
You punch the black bear! x2
You kill the black bear!
The centaur hits you but does no damage.
The centaur kicks you but does no damage.
The gnoll bouda hits you with a +0 whip!
You die...

#.###.##.# #.†.....#
#.# #....# #†.######
#.# ###..# #..†...#
#.#####).# ###.P....##
#........###.##......#
####.<..###...#...P###
#.......'...######'.
##gc..###.........##
##h#.# ##.......##
###.## ##.....##
##...## ##...##
#[....# ##'## #.....#
#.# #.....# #.#
##...## ##.## #.###
##...## #.# #.....#


You could see a centaur (unable to see you) and a gnoll bouda (unable to see
you).

Vanquished Creatures
  Sigmund (D:2)
  Eustachio (D:4)
  A water moccasin (D:5)
  Duvessa (D:4)
  A black bear (D:5)
  An ogre (D:4)
  A centaur (D:5)
  2 phantoms (D:5)
  3 scorpions (D:5)
  Dowan (D:4)
  A howler monkey (D:5)
  A gnoll bouda (D:4)
  3 orc priests
  Terence (D:2)
  5 iguanas
  4 adders
  8 gnolls
  A worm (D:3)
  7 orcs
  6 ball pythons
  4 bats
  5 endoplasms
  5 giant cockroaches
  10 goblins
  8 hobgoblins
  2 jackals
  5 kobolds
  2 quokkas
  8 frilled lizards
  2 rats
101 creatures vanquished.

Notes
Turn   | Place    | Note
-------+----------+-------------------------------------------
     0 | D:1      | cforsyth the Ogre Shapeshifter began the quest for the Orb.
     0 | D:1      | Reached XP level 1. HP: 22/22 MP: 1/1
   186 | D:1      | Reached XP level 2. HP: 29/29 MP: 2/2
   723 | D:2      | Reached XP level 3. HP: 32/36 MP: 3/3
   881 | D:2      | Noticed Terence
   893 | D:2      | Killed Terence
   964 | D:2      | Reached XP level 4. HP: 43/44 MP: 4/4
   966 | D:2      | Noticed Sigmund
  1239 | D:2      | Killed Sigmund
  1240 | D:2      | Reached XP level 5. HP: 23/50 MP: 5/5
  1240 | D:2      | Reached XP level 6. HP: 27/59 MP: 6/6
  1741 | D:2      | Found a runed translucent door.
  1742 | D:2      | Noticed Crazy Yiuf
  2006 | D:3      | Found a faded altar of an unknown god.
  2839 | D:4      | Noticed Eustachio
  2862 | D:4      | Killed Eustachio
  2863 | D:4      | Reached skill level 5 in Unarmed Combat
  2863 | D:4      | Reached skill level 5 in Shapeshifting
  2863 | D:4      | Reached XP level 7. HP: 33/66 MP: 7/7
  3024 | D:4      | Noticed Dowan
  3221 | D:4      | Found a shadowy altar of Dithmenos.
  3601 | D:4      | Noticed Duvessa
  3619 | D:4      | Killed Duvessa
  3634 | D:4      | HP: 1/99 [Dowan/stone arrow (12)]
  3635 | D:4      | Killed Dowan
  4025 | D:5      | Entered Level 5 of the Dungeon
  4042 | D:5      | Reached XP level 8. HP: 24/74 MP: 8/8
  4785 | D:5      | Found a glowing golden altar of the Shining One.
  4965 | D:5      | Found a staircase to the Ecumenical Temple.
  5865 | D:5      | Slain by a gnoll bouda

Illustrated notes

Levels and vault maps discovered:
D:1:      eino_arrival_water_star, layout_basic
D:2:      layout_loops_cross, minmay_box_of_dots, uniq_sigmund, uniq_terence,
          uniq_crazy_yiuf_cottage
D:3:      layout_basic, shapermc_ecumenical_altar_venn
D:4:      layout_gridville, nicolae_dithmenos_the_darkroom, uniq_eustachio,
          uniq_duvessa
D:5:      layout_loops_corners, kennysheep_mini_moat, lemuel_temple_firewalk_b,
          hangedman_decor_opposing, st_stairs_2, minmay_lizard_king
D:6:      layout_cave_pools, gammafunk_temple_overflow_arena, serial_gnoll_camp,
          gnoll_camp_mini_loothouse, gnoll_camp_mini_shop,
          gnoll_camp_mini_doghouse, gnoll_camp_huts_basic, gnoll_camp_mini_hut,
          minmay_ogre_servants

Skill      XL: |  1  2  3  4  5  6  7  8 |
---------------+-------------------------+-----
Unarmed Combat | 2 4 5 6 7 |  7.2
Shapeshifting  | 4 5 6 7 |  7.1
Fighting       | |  2.6
Dodging        | |  1.7

Action                     |  1- 3 |  4- 6 |  7- 9 || total
---------------------------+-------+-------+-------++-------
  Melee: Unarmed           |    62 |    97 |   164 ||   323
         Punch             |       |     5 |     5 ||    10
    Use: Potion            |       |     1 |     7 ||     8
   Stab: Sleeping          |     1 |       |       ||     1
         Invisible         |       |       |     2 ||     2
 Armour: Animal skin       |    19 |    23 |    37 ||    79
         Skin              |       |     2 |    12 ||    14
  Dodge: Dodged            |    29 |    47 |   110 ||   186

Table legend: (Time is in decaauts)
 A = Elapsed time spent in this place.
 B = Non-inter-level travel time spent in this place.
 C = Inter-level travel time spent in this place.
 D = Time resting spent in this place.
 E = Time spent auto-exploring this place.
 F = Levels seen in this place.
 G = Mean time per level.
                   A        B        C        D        E       F      G
               +--------+--------+--------+--------+--------+-----+--------+
         Total |   5842 |   5709 |    133 |    897 |   4098 |   6 |  973.7 |
       Dungeon |   5842 |   5709 |    133 |    897 |   4098 |   6 |  973.7 |
               +--------+--------+--------+--------+--------+-----+--------+

Top non-repeatable levels by time:
     D:4: 1580 daAuts
     D:5: 1466 daAuts
     D:2: 1009 daAuts
     D:1: 893 daAuts
     D:3: 877 daAuts
     D:6: 15 daAuts
